 Dungeon Crawl Stone Soup version 0.28-a0-667-g162e43154e (webtiles) character file.

Game seed: 8765103884813817776

435 zimbabwe the Vexing (level 6, 0/28 HPs)
             Began as a Spriggan Enchanter on Oct 17, 2021.
             Slain by an ogre (28 damage)
             ... on level 5 of the Dungeon.
             The game lasted 00:08:38 (4701 turns).

zimbabwe the Vexing (Spriggan Enchanter)            Turns: 4701, Time: 00:08:39

Health: 0/28       AC:  3    Str:  6    XL:     6   Next: 68%
Magic:  7/16       EV: 17    Int: 17    God:
Gold:   212        SH:  0    Dex: 15    Spells: 9/17 levels left

rFire   . . .      SeeInvis +   f - +2 dagger (freeze)
rCold   . . .      Faith    .   (shield restricted)
rNeg    . . .      Spirit   .   b - +1 robe
rPois   .          Reflect  .   (helmet restricted)
rElec   .          Harm     .   (no cloak)
rCorr   .          Rampage  .   (gloves unavailable)
Will    +....                   (boots unavailable)
Stlth   +++.......              (no amulet)
HPRegen 1.09/turn               (no ring)
MPRegen 0.15/turn               (no ring)

@: very quick
A: very small, no large weapons, unfitting armour, see invisible, speed 3,
regeneration 1, MP-powered wands, sturdy frame 1
a: no special abilities


You were on level 5 of the Dungeon.
You visited 1 branch of the dungeon, and saw 5 of its levels.

You collected 212 gold pieces.

Inventory:

Hand Weapons
 a - a +2 dagger
 f - a +2 dagger of freezing (weapon)
 g - a +0 dagger of protection
Armour
 b - a +1 robe (worn)
Wands
 e - a wand of mindburst (11)
Scrolls
 k - a scroll of identify
 l - a scroll of magic mapping
 m - 2 scrolls of enchant armour
Potions
 c - a potion of invisibility
 d - 2 potions of magic
 h - 2 potions of curing
 i - a potion of flight
 j - a potion of brilliance
 n - a potion of lignification


   Skills:
 - Level 1.1 Short Blades
 - Level 2.6 Dodging
 + Level 6.1 Stealth
 + Level 6.0 Spellcasting
 + Level 6.5 Hexes


You had 9 spell levels left.
You knew the following spells:

 Your Spells              Type           Power      Damage    Failure   Level
a - Ensorcelled Hibernat  Hex/Ice        32%        N/A       4%          2
b - Tukima's Dance        Hex            27%        N/A       2%          3
c - Dazzling Flash        Conj/Hex       32%        N/A       10%         3

Your spell library contained the following spells:

 Spells                   Type           Power      Damage    Failure   Level
 Confusing Touch          Hex            27%        N/A       2%          3
 Freeze                   Ice            20%        1d4       13%         1
 Frozen Ramparts          Ice            10%        1d3       36%         3
 Gell's Gravitas          Tloc           2%         N/A       36%         3
 Lesser Beckoning         Tloc           5%         N/A       36%         3
 Spider Form              Tmut/Pois      2%         N/A       36%         3
 Teleport Other           Tloc           5%         N/A       36%         3
 Hailstorm                Conj/Ice       5%         3d4       77%         4


Dungeon Overview and Level Annotations

Branches:
Dungeon (5/15)
 Temple: D:4-7

Altars:
Zin


Innate Abilities, Weirdness & Mutations

You are very small and have problems with some larger weapons.
You are too small for most types of armour.
You have supernaturally acute eyesight. (SInv)
You cover ground extremely quickly. (Speed+++)
Your natural rate of healing is unusually fast.
You expend magic power (3 MP) to strengthen your wands.
Your movements are slightly less encumbered by armour. (ER -2)


Message History

The ogre shouts!
You hear an angry hiss.
You hear a bark!
The hound bites you.
Casting: Ensorcelled Hibernation (safe; 4% risk of failure)
Confirm with . or Enter, or press ? or * to list all spells.
Aiming: Ensorcelled Hibernation (safe; 4% risk of failure)
Press: ? - help, Shift-Dir - straight line, f - hound
Aim: a hound (chance to affect: 55%)
The hound looks drowsy...
The helpless hound fails to defend itself.
You impale the hound!! You freeze the hound!
You kill the hound!
Your Stealth skill increases to level 6!
Casting: Ensorcelled Hibernation (safe; 4% risk of failure)
Confirm with . or Enter, or press ? or * to list all spells.
Aiming: Ensorcelled Hibernation (safe; 4% risk of failure)
Press: ? - help, Shift-Dir - straight line, f - ogre
Aim: an ogre, wielding a +0 giant spiked club (chance to affect: 47%)
The ogre resists with some effort.
Casting: Ensorcelled Hibernation (safe; 4% risk of failure)
Confirm with . or Enter, or press ? or * to list all spells.
Aiming: Ensorcelled Hibernation (safe; 4% risk of failure)
Press: ? - help, Shift-Dir - straight line, f/p - ogre
Aim: an ogre, wielding a +0 giant spiked club (chance to affect: 47%)
The ogre resists with some effort.
Casting: Ensorcelled Hibernation (safe; 4% risk of failure)
Confirm with . or Enter, or press ? or * to list all spells.
Aiming: Ensorcelled Hibernation (safe; 4% risk of failure)
Press: ? - help, Shift-Dir - straight line, f/p - ogre
Aim: an ogre, wielding a +0 giant spiked club (chance to affect: 47%)
The ogre resists with some effort.
Casting: Ensorcelled Hibernation (safe; 4% risk of failure)
Confirm with . or Enter, or press ? or * to list all spells.
Aiming: Ensorcelled Hibernation (safe; 4% risk of failure)
Press: ? - help, Shift-Dir - straight line, f/p - ogre
Aim: an ogre, wielding a +0 giant spiked club (chance to affect: 47%)
The ogre looks drowsy...
The ogre shouts!
The ogre hits you with a +0 giant spiked club!!
Ouch! That really hurt!
You die...

#.#.#.........# #
#.#.........#
#.########### #.#
#.# #.# #.# #O#
###############@#
.......<........#
###############.#
###


You could see an ogre.

Vanquished Creatures
  A necrophage (D:3)
  A scorpion (D:4)
  A jelly (D:4)
  A hound (D:5)
  A centaur skeleton (D:3)
  Jessica (D:2)
  Terence (D:2)
  3 adders
  2 ufetubi (D:4)
  An adder zombie (D:3)
  5 adder skeletons
  3 worms (D:2)
  3 dart slugs
  3 orcs
  5 ball pythons
  7 endoplasms
  3 giant cockroaches
  3 goblins
  11 hobgoblins
  2 jackals (D:1)
  9 quokkas
  5 bats
  2 frilled lizards (D:1)
  8 kobolds
  3 rats
85 creatures vanquished.

Vanquished Creatures (others)
  3 fungi (D:1)
3 creatures vanquished.

Grand Total: 88 creatures vanquished

Notes
Turn   | Place    | Note
-------+----------+-------------------------------------------
     0 | D:1      | zimbabwe the Spriggan Enchanter began the quest for the
                  | Orb.
     0 | D:1      | Reached XP level 1. HP: 9/9 MP: 5/5
   677 | D:1      | Reached XP level 2. HP: 5/13 MP: 7/7
   680 | D:1      | Learned a level 2 spell: Ensorcelled Hibernation
  1345 | D:1      | Reached XP level 3. HP: 7/16 MP: 1/9
  1349 | D:1      | Learned a level 3 spell: Tukima's Dance
  1353 | D:1      | Learned a level 3 spell: Dazzling Flash
  1592 | D:1      | Found a faded altar of an unknown god.
  1848 | D:2      | Found a glowing silver altar of Zin.
  2103 | D:2      | Noticed Jessica
  2117 | D:2      | Killed Jessica
  2118 | D:2      | Reached XP level 4. HP: 18/21 MP: 6/11
  2183 | D:2      | Reached skill level 5 in Hexes
  2262 | D:2      | Noticed Terence
  2268 | D:2      | Killed Terence
  3219 | D:3      | Reached skill level 5 in Spellcasting
  3219 | D:3      | Reached XP level 5. HP: 21/24 MP: 11/13
  3646 | D:3      | Noticed a necrophage
  3651 | D:3      | Killed a necrophage
  3652 | D:3      | Reached skill level 5 in Stealth
  3652 | D:3      | Reached XP level 6. HP: 28/28 MP: 13/15
  4081 | D:4      | Gained mutation: Your natural rate of healing is unusually
                  | fast. [potion of mutation]
  4081 | D:4      | Gained mutation: Your movements are slightly less
                  | encumbered by armour. (ER -2) [potion of mutation]
  4081 | D:4      | Gained mutation: You expend magic power (3 MP) to
                  | strengthen your wands. [potion of mutation]
  4640 | D:5      | Entered Level 5 of the Dungeon
  4701 | D:5      | Slain by an ogre

Illustrated notes

Levels and vault maps discovered:
D:1:      ncdulo_smallfort, layout_loops_ring, shapermc_ecumenical_altar_ellora
D:2:      layout_loops_ring, basic_altar, dk_noncrumbling_4, uniq_jessica,
          uniq_terence
D:3:      minmay_recursive_quarters, layout_basic, serial_undead,
          serial_undead_b, serial_undead_f, serial_undead_b, serial_undead_e,
          serial_undead_f, feat_on_display
D:4:      layout_loops_ring
D:5:      layout_basic, grunt_temple_overflow_holy_war,
          grunt_temple_overflow_order_and_chaos_1,
          minmay_temple_entry_stoned_glass

Skill      XL: |  1  2  3  4  5  6 |
---------------+-------------------+-----
Spellcasting   | 3 4 5 6 |  6.0
Hexes          | 4 5 6 |  6.5
Stealth        | 5 6 |  6.1
Short Blades   | |  1.1
Dodging        | |  2.6

Action                   |  1- 3 |  4- 6 || total
-------------------------+-------+-------++-------
Melee: Dagger            |   127 |   178 ||   305
 Cast: Ensorcelled Hiber |    19 |    22 ||    41
Evoke: Wand              |       |     4 ||     4
  Use: Scroll            |     2 |     9 ||    11
       Potion            |     1 |     1 ||     2
 Stab: Sleeping          |    20 |    23 ||    43
Armor: Robe              |    16 |    20 ||    36
Dodge: Dodged            |   107 |   153 ||   260

Table legend: (Time is in decaauts)
 A = Elapsed time spent in this place.
 B = Non-inter-level travel time spent in this place.
 C = Inter-level travel time spent in this place.
 D = Time resting spent in this place.
 E = Time spent auto-exploring this place.
 F = Levels seen in this place.
 G = Mean time per level.
                   A        B        C        D        E       F      G
               +--------+--------+--------+--------+--------+-----+--------+
         Total |   3684 |   3610 |     74 |    785 |   2082 |   5 |  736.8 |
       Dungeon |   3684 |   3610 |     74 |    785 |   2082 |   5 |  736.8 |
               +--------+--------+--------+--------+--------+-----+--------+

Top non-repeatable levels by time:
     D:1: 1728 daAuts
     D:2: 848 daAuts
     D:3: 585 daAuts
     D:4: 482 daAuts
     D:5: 39 daAuts
